 Dungeon Crawl Stone Soup version 0.27-a0-1200-g94dc6ad4cf (webtiles) character file.

Game seed: 949385646720329651

1768 rjrrt the Cleaver (level 8, -11/70 HPs)
             Began as a Minotaur Berserker on June 2, 2021.
             Was an Elder of Trog.
             Mangled by a kobold
             ... wielding a +2 whip of electrocution
              (19 damage)
             ... on level 4 of the Dungeon.
             The game lasted 00:07:24 (4631 turns).

rjrrt the Cleaver (Minotaur Berserker)              Turns: 4631, Time: 00:07:24

Health: -11/70     AC: 18    Str: 23    XL:     8   Next: 80%
Magic:  7/7        EV:  7    Int:  4    God:    Trog [****..]
Gold:   178        SH:  0    Dex: 11    Spells: 7/7 levels left

rFire    . . .     SeeInvis .   a - +0 war axe
rCold    . . .     Faith    .   (no shield)
rNeg     . . .     Spirit   .   f - +0 plate armour
rPois    .         Reflect  .   k - +0 hat
rElec    .         Harm     .   (no cloak)
rCorr    .         Rampage  .   r - +0 pair of gloves
Will     .....                  (no boots)
Stlth    ..........             (no amulet)
HPRegen  0.21/turn              g - +4 ring of protection
MPRegen  0.10/turn              (no ring)

@: no status effects
A: horns 2, retaliatory headbutt
a: Renounce Religion, Berserk, Trog's Hand, Brothers in Arms


You were on level 4 of the Dungeon.
You worshipped Trog.
Trog was greatly pleased with you.
You visited 1 branch of the dungeon, and saw 4 of its levels.

You collected 178 gold pieces.

Inventory:

Hand Weapons
 a - a +0 war axe (weapon)
 p - a +0 trident
Missiles
 l - 5 poisoned darts (quivered)
Armour
 f - a +0 plate armour (worn)
 k - a +0 hat (worn)
 r - a +0 pair of gloves (worn)
Jewellery
 b - a ring of fire
 g - a +4 ring of protection (left hand)
 o - a ring of fire
Wands
 c - a wand of polymorph (4)
 t - a wand of digging (5)
Scrolls
 i - a scroll of blinking
 j - 2 scrolls of teleportation {unknown}
Potions
 d - 4 potions of attraction
 e - 2 potions of curing
 h - a potion of brilliance {unknown}
 m - a potion of cancellation {unknown}
 n - a potion of degeneration {unknown}
 s - 2 potions of might


   Skills:
 + Level 6.1 Fighting
 * Level 11.0 Axes
 + Level 7.3 Armour
 - Level 2.1 Dodging


You had 7 spell levels left.
You didn't know any spells.
Your spell library was empty.

Dungeon Overview and Level Annotations

Branches:
Dungeon (4/15)
 Temple: D:4-7

Altars:
Qazlal


Innate Abilities, Weirdness & Mutations

You have a pair of horns on your head.
You reflexively headbutt those who attack you in melee.


Message History

Trog accepts your kill.
No target in view!
No target in view!
Things that are here:
a +0 flail; an orc corpse
Things that are here:
a +0 flail; an orc corpse
Things that are here:
a +0 club; a kobold corpse
Found a pair of boots.
Drop what? 19/52 slots (_ for help) (? for menu, Esc to quit)
You drop a +0 spear.
You see here a +0 trident.
p - a +0 trident A kobold comes into view.
It is wielding a +2 whip of electrocution.
The kobold shouts!
Found a stone staircase leading up.
The kobold throws a stone.
The stone hits you but does no damage.
The kobold throws a stone.
The stone hits you but does no damage.
You closely miss the kobold. Your headbutt misses the kobold.
The kobold hits you but does no damage.
You barely miss the kobold. The kobold hits you but does no damage.
You are electrocuted!
You closely miss the kobold.
The kobold hits you with a +2 whip of electrocution.
You are electrocuted!
You barely miss the kobold. Your headbutt misses the kobold.
The kobold hits you but does no damage.
You are electrocuted!!
Your plate armour prevents you from hitting the kobold.
The kobold hits you with a +2 whip of electrocution.
You are electrocuted!
* * * LOW HITPOINT WARNING * * *
You are too injured to fight recklessly!
You are too injured to fight recklessly!
You hit the kobold but do no damage. You headbutt the kobold.
The kobold is moderately wounded.
The kobold hits you with a +2 whip of electrocution.
* * * LOW HITPOINT WARNING * * *
You are electrocuted!!
You die...

#.# ##.### #....###
## #.)....## ###.
#.......## ##...
##........## ##....
#.....?[...# ##.....
#.........## #......
#...@.....# ##......
#...K.....# *#.......
#........## *........
#........#***........
#..<.......,,......†.
###....#####,.......)
###### *,,.......#
**,,......#*
*,,,......*


You could see a kobold.

Vanquished Creatures
  Pikel (D:4)
  Sigmund (D:4)
  A steam dragon (D:4)
  A water moccasin (D:4)
  Duvessa (D:4)
  An ice beast (D:4)
  An ogre (D:4)
  3 lemures (D:4)
  Blork the orc (D:4)
  A wyvern zombie (D:4)
  Dowan (D:4)
  A scorpion (D:4)
  2 hounds (D:4)
  An orc priest (D:4)
  A centaur skeleton (D:4)
  Jessica (D:3)
  Natasha (thrice) (D:3)
  An iguana (D:2)
  An orc wizard (D:4)
  8 adders
  2 worms
  4 dart slugs
  8 orcs (D:4)
  8 endoplasms
  3 giant cockroaches
  11 goblins
  10 hobgoblins
  9 jackals
  6 kobolds
  3 quokkas
  7 ball pythons
  5 bats
  5 frilled lizards
  10 rats
123 creatures vanquished.

Notes
Turn   | Place    | Note
-------+----------+-------------------------------------------
     0 | D:1      | rjrrt the Minotaur Berserker began the quest for the Orb.
     0 | D:1      | Reached XP level 1. HP: 19/19 MP: 0/0
    17 | D:1      | Reached skill level 4 in Axes
   228 | D:1      | Reached XP level 2. HP: 13/26 MP: 1/1
   788 | D:1      | Reached skill level 5 in Axes
   797 | D:1      | Reached XP level 3. HP: 26/31 MP: 2/2
   827 | D:1      | Reached ** piety under Trog
  1608 | D:2      | Reached XP level 4. HP: 25/39 MP: 3/3
  1750 | D:2      | Reached skill level 6 in Axes
  1818 | D:2      | Found a stormy altar of Qazlal.
  1976 | D:2      | Reached *** piety under Trog
  2253 | D:3      | Noticed Jessica
  2257 | D:3      | Killed Jessica
  2258 | D:3      | Reached XP level 5. HP: 45/45 MP: 4/4
  2424 | D:3      | Noticed Natasha
  2434 | D:3      | Killed Natasha
  2619 | D:3      | Noticed Natasha
  2630 | D:3      | Killed Natasha
  2631 | D:3      | Reached skill level 7 in Axes
  3049 | D:3      | Noticed Natasha
  3057 | D:3      | Killed Natasha
  3226 | D:4      | Noticed an ogre
  3237 | D:4      | Killed an ogre
  3238 | D:4      | Reached XP level 6. HP: 51/51 MP: 5/5
  3279 | D:4      | Noticed Blork the orc
  3295 | D:4      | Killed Blork the orc
  3360 | D:4      | Noticed Sigmund
  3381 | D:4      | Killed Sigmund
  3382 | D:4      | Reached skill level 8 in Axes
  3382 | D:4      | Reached skill level 5 in Armour
  3382 | D:4      | Reached XP level 7. HP: 57/57 MP: 6/6
  3706 | D:4      | Noticed a steam dragon
  3719 | D:4      | Killed a steam dragon
  3720 | D:4      | Reached skill level 9 in Axes
  3907 | D:4      | Noticed Pikel
  3929 | D:4      | Noticed Duvessa
  3930 | D:4      | Killed Pikel
  3931 | D:4      | Reached skill level 5 in Fighting
  3931 | D:4      | Reached skill level 10 in Axes
  3931 | D:4      | Reached XP level 8. HP: 68/68 MP: 7/7
  3937 | D:4      | Noticed Dowan
  3940 | D:4      | Killed Duvessa
  3952 | D:4      | Killed Dowan
  4339 | D:4      | Reached **** piety under Trog
  4357 | D:4      | Reached skill level 11 in Axes
  4631 | D:4      | Mangled by a kobold

Illustrated notes

Levels and vault maps discovered:
D:1:      psy_arrival_whirlpool, layout_loops_ring
D:2:      layout_basic, basic_altar, minmay_close_crescents
D:3:      layout_loops_cross, uniq_natasha, uniq_jessica
D:4:      cheibrodos_barr_body, layout_cave_pods, minmay_ruptured, uniq_duvessa,
          uniq_sigmund, uniq_blork_the_orc, uniq_pikel

Skill      XL: |  1  2  3  4  5  6  7  8 |
---------------+-------------------------+-----
Axes           | 4 5 6 7 8 10 11 | 11.0
Armour         | 3 4 5 6 7 |  7.3
Fighting       | 5 6 |  6.1
Dodging        | |  2.1

Action                   |  1- 3 |  4- 6 |  7- 9 || total
-------------------------+-------+-------+-------++-------
Melee: Hand axe          |   129 |   102 |    66 ||   297
       Headbutt          |     9 |    18 |    15 ||    42
       War axe           |       |       |    45 ||    45
Throw: Dart              |       |     2 |       ||     2
Invok: Berserk           |     1 |     4 |     2 ||     7
  Use: Scroll            |       |     7 |     1 ||     8
Armor: Animal skin       |     4 |       |       ||     4
       Plate armour      |    71 |    58 |    80 ||   209
Dodge: Dodged            |    47 |    35 |    42 ||   124

Table legend: (Time is in decaauts)
 A = Elapsed time spent in this place.
 B = Non-inter-level travel time spent in this place.
 C = Inter-level travel time spent in this place.
 D = Time resting spent in this place.
 E = Time spent auto-exploring this place.
 F = Levels seen in this place.
 G = Mean time per level.
                   A        B        C        D        E       F      G
               +--------+--------+--------+--------+--------+-----+--------+
         Total |   4698 |   4393 |    305 |    684 |   2891 |   4 | 1174.5 |
       Dungeon |   4698 |   4393 |    305 |    684 |   2891 |   4 | 1174.5 |
               +--------+--------+--------+--------+--------+-----+--------+

Top non-repeatable levels by time:
     D:4: 1444 daAuts
     D:1: 1382 daAuts
     D:3: 1130 daAuts
     D:2: 740 daAuts
